 Dungeon Crawl Stone Soup version 0.31-a0-345-g1ebeae05c6 (webtiles) character file.

Game seed: 9017176354858264109

1 Kallan the Grave Robber (level 1, -1/13 HPs)
             Began as a Demonspawn Necromancer on July 22, 2023.
             Slain by a kobold
             ... wielding a +0 whip
              (4 damage)
             ... on level 1 of the Dungeon.
             The game lasted 00:00:57 (95 turns).

Kallan the Grave Robber (Demonspawn Necromancer)      Turns: 95, Time: 00:00:57

Health: -1/13      AC:  2    Str:  8    XL:     1   Next: 16%
Magic:  3/3        EV: 12    Int: 16    God:
Gold:   0          SH:  0    Dex: 13    Spells: 3/4 levels left

rFire   . . .        (no weapon)
rCold   . . .        (no shield)
rNeg    . . .        a - +0 robe
rPois   .            (no helmet)
rElec   .            (no cloak)
rCorr   .            (no gloves)
SInv    .            (no boots)
Will    .....        (no amulet)
Stlth   ++           (no ring)
HPRegen 0.22/turn    (no ring)
MPRegen 0.08/turn

%: no passive effects
@: no status effects
A: no striking features
a: no special abilities


You were on level 1 of the Dungeon.
You visited 1 branch of the dungeon, and saw 1 of its levels.

Inventory:

Armour
 a - a +0 robe (worn)
Scrolls
 c - a scroll of fear {unknown}
Potions
 b - a potion of magic


   Skills:
 + Level 1.7 Dodging
 + Level 1.7 Stealth
 + Level 2.0 Spellcasting
 + Level 4.4 Necromancy


You had 3 spell levels left.
You knew the following spells:

 Your Spells              Type           Power      Damage    Failure   Level
a - Necrotise             Necr           60%        1d7       3%          1

Your spell library contained the following spells:

 Spells                   Type           Power      Damage    Failure   Level
 Vampiric Draining        Necr           15%        2d7       10%         3
 Animate Dead             Necr           15%        N/A       32%         4
 Agony                    Necr           15%        N/A       67%         5


Dungeon Overview and Level Annotations

Branches:
Dungeon (1/15)

Altars:


Message History

You enter the shallow water.
Moving in this stuff is going to be slow.
Found a stone staircase leading down.
There is a stone staircase leading down here.
Found a fuming green potion.
There is a stone staircase leading down here.
Found a stone staircase leading down.
Found 11 gold pieces and a cloak. 2 ball pythons and a kobold come into view.
The ball python hisses angrily. x2
The ball python moves out of view.
You see here a fuming green potion.
The kobold throws a stone.
The stone hits you. The ball python barely misses you.
The ball python grabs you. The ball python constricts you.
You escape the ball python's grasp.
The ball python bites you. The ball python grabs you.
The ball python constricts you.
You hit the ball python.
The ball python is moderately wounded.
The ball python bites you but does no damage. x2
The ball python constricts you.
You hit the ball python.
The ball python is severely wounded.
The ball python misses you.
The ball python bites you but does no damage.
The ball python constricts you.
The ball python bites you but does no damage.
You hit the ball python.
You kill the ball python!
The ball python closely misses you. The ball python constricts you.
The kobold hits you but does no damage.
You escape the ball python's grasp.
The kobold completely misses you.
The ball python bites you but does no damage.
The ball python grabs you. The ball python constricts you.
The ball python's grasp on you weakens, but your attempt to escape fails.
The ball python bites you. The ball python constricts you.
The kobold hits you with a +0 whip.
* * * LOW HITPOINT WARNING * * *
You escape the ball python's grasp.
The kobold hits you with a +0 whip.
You die...

## ..##......#. #. ..###
..##.....#.##.
#....##....... ....
.#.......#... ###..###
............ .......##
.#.......#.# #......#
........S#.#########....
#.....@..!.......>.....
#..$.>.K##.#########.##
#............ #..#
#.............# ##.#
########........ .#
#.....[### .. ########
##


You could see a ball python and a kobold.

Vanquished Creatures
  A ball python (D:1)
1 creature vanquished.

Notes
Turn   | Place    | Note
-------+----------+-------------------------------------------
     0 | D:1      | Kallan the Demonspawn Necromancer began the quest for the
                  | Orb.
     0 | D:1      | Reached XP level 1. HP: 13/13 MP: 3/3
    95 | D:1      | Slain by a kobold

Illustrated notes

Levels and vault maps discovered:
D:1:      nicolae_arrival_washed_ashore, layout_rooms, due_unseen_surprise

Action                     || total
---------------------------++-------
  Melee: Unarmed           ||     3
 Armour: Robe              ||     6
  Dodge: Dodged            ||     4

Table legend: (Time is in decaauts)
 A = Elapsed time spent in this place.
 B = Non-inter-level travel time spent in this place.
 C = Inter-level travel time spent in this place.
 D = Time resting spent in this place.
 E = Time spent auto-exploring this place.
 F = Levels seen in this place.
 G = Mean time per level.
                   A        B        C        D        E       F      G
               +--------+--------+--------+--------+--------+-----+--------+
         Total |    101 |     78 |     23 |      0 |      0 |   1 |  101.0 |
       Dungeon |    101 |     78 |     23 |      0 |      0 |   1 |  101.0 |
               +--------+--------+--------+--------+--------+-----+--------+

Top non-repeatable levels by time:
     D:1: 101 daAuts
